 Dungeon Crawl Stone Soup version 0.31.0-12-g77e489cdc1 (webtiles) character file.

Game seed: 2803571257313830435

3 Uridium100 the Trooper (level 1, 0/18 HPs)
             Began as a Mummy Cinder Acolyte on Feb 27, 2024.
             Was a High Priest of Ignis.
             Killed from afar by a dart slug (4 damage)
             ... with a slug dart
             ... on level 1 of the Dungeon.
             The game lasted 00:02:40 (327 turns).

Uridium100 the Trooper (Mummy Cinder Acolyte)        Turns: 327, Time: 00:02:41

Health: 0/18       AC:  2    Str: 17    XL:     1   Next: 41%
Magic:  2/2        EV: 11    Int: 13    God:    Ignis [*****.]
Gold:   14         SH:  0    Dex:  7    Spells: 2/2 levels left

rFire   . . .        a - -1 falchion (flame)
rCold   + . .        (no shield)
rNeg    + + +        b - +0 robe
rPois   ∞            (no helmet)
rElec   .            (no cloak)
rCorr   .            (no gloves)
SInv    .            (no boots)
Will    .....        (no amulet)
Stlth   +            (no ring)
HPRegen 0.23/turn    (no ring)
MPRegen 0.08/turn

%: faith
@: no status effects
A: cold resistance 1, negative energy resistance 3, torment resistance 2, heat
vulnerability 1, in touch with death 1, no potions, faith
a: Renounce Religion, Fiery Armour, Foxfire Swarm, Rising Flame


You were on level 1 of the Dungeon.
You worshipped Ignis.
Ignis was extremely pleased with you.
You visited 1 branch of the dungeon, and saw 1 of its levels.

You collected 14 gold pieces.

Inventory:

Hand Weapons
 a - a -1 falchion of flaming (weapon)
 c - a +0 short sword
 e - a +0 whip
Armour
 b - a +0 robe (worn)
 g - a +0 robe
 j - a +0 helmet
 k - a +0 leather armour
Talismans
 f - a beast talisman
Scrolls
 i - 2 scrolls of identify {unknown}
 l - a scroll of amnesia {unknown}
Potions
 d - a potion of curing {unknown}
 h - a potion of heal wounds {unknown}


   Skills:
 + Level 3.2 Fighting
 + Level 2.4 Long Blades
 + Level 1.3 Spellcasting
 + Level 2.4 Fire Magic


You had 2 spell levels left.
You didn't know any spells.
Your spell library contained the following spells:

 Spells                   Type           Power      Damage    Failure   Level
 Scorch                   Fire           14%        2d5       16%         2


Dungeon Overview and Level Annotations

Branches:
Dungeon (1/15)

Altars:


Innate Abilities, Weirdness & Mutations

You are immune to poison.
Your flesh is cold resistant. (rC+)
You are immune to negative energy. (rN+++)
You are immune to unholy pain and torment.
You are vulnerable to heat. (rF-)
You are in touch with the powers of death.
You do not drink.
You have a special connection with the divine. (Faith)


Message History

The slug dart hits you. The bat hits you but does no damage.
The bat hits you but does no damage. x2; The dart slug enters a dispersal trap!
The bat blinks!
You blink.
The bat hits you but does no damage.
You hit the bat. You burn the bat.
You kill the bat!
You see here a bat corpse.
Found a leather armour.
Found a scroll labelled MUQIJO VESICU.
Found a glowing orb.
Found a stone staircase leading down.
You see here a +0 leather armour.
You see here a +0 leather armour.
k - a +0 leather armour The dart slug launches a dart at you.
The slug dart hits you.
l - a scroll labelled MUQIJO VESICU The dart slug launches a dart at you.
The slug dart hits you. The dart slug bites you.
You hit the dart slug. You burn the dart slug.
The dart slug is heavily wounded.
You hit the dart slug but do no damage.
The dart slug is heavily wounded.
The dart slug launches a dart at you. The slug dart hits you.
You hit the dart slug but do no damage.
The dart slug is heavily wounded.
The dart slug bites you.
* * * LOW HITPOINT WARNING * * *
The dart slug launches a dart at you. The slug dart misses you.
The dart slug barely misses you. The dart slug launches a dart at you.
The slug dart hits you.
* * * LOW HITPOINT WARNING * * *
The dart slug bites you but does no damage.
The dart slug launches a dart at you. The slug dart hits you.
You die...

#####.....######.# #.....#
##.#.#.......# #.#.###
#....######.# #....#########
#.#.#######.# #.#...†.......
#...........###.##.#########
###.######...##.##.# #
#..#w....... # #....##.##..
# #.#@## # # #.#.# #.#.#
#.#># #[#.# #.#.# #.#.. #..


You could see a dart slug.

Vanquished Creatures
  An endoplasm (D:1)
  A bat (D:1)
  A kobold (D:1)
  A rat (D:1)
4 creatures vanquished.

Notes
Turn   | Place    | Note
-------+----------+-------------------------------------------
     0 | D:1      | Uridium100 the Mummy Cinder Acolyte began the quest for the
                  | Orb.
     0 | D:1      | Reached XP level 1. HP: 18/18 MP: 2/2
   257 | D:1      | Found a faded altar of an unknown god.
   327 | D:1      | Killed from afar by a dart slug

Illustrated notes

Levels and vault maps discovered:
D:1:      ldierk_walled_garden, layout_loops_ring,
          chequers_ecumenical_altar_simple

Action                     || total
---------------------------++-------
  Melee: Falchion          ||    13
 Armour: Robe              ||    21
  Dodge: Dodged            ||    12
